 Dungeon Crawl Stone Soup version 0.31.0-11-ge490571c62 (webtiles) character file.

Game seed: 11725411551533856206

28 Gadfly the Insei (level 2, 0/24 HPs)
             Began as a Demonspawn Monk on Feb 2, 2024.
             Slain by Terence
             ... wielding a +0 short sword
              (6 damage)
             ... on level 2 of the Dungeon.
             The game lasted 00:01:01 (639 turns).

Gadfly the Insei (Demonspawn Monk)                   Turns: 639, Time: 00:01:01

Health: 0/24       AC:  2    Str: 11    XL:     2   Next: 96%
Magic:  2/2        EV: 15    Int: 10    God:
Gold:   81         SH:  0    Dex: 15    Spells: 1/1 levels left

rFire   . .          .
                       - Unarmed
rCold   . . .        c - orb {light}
rNeg    . . .        a - +0 robe
rPois   .            (no helmet)
rElec   .            (no cloak)
rCorr   .            (no gloves)
SInv    .            (no boots)
Will    .....        (no amulet)
Stlth   +            i - ring of flight
HPRegen 0.24/turn    (no ring)
MPRegen 0.08/turn

%: no passive effects
@: flying, glowing
A: repulsion field 1
a: no special abilities


You were on level 2 of the Dungeon.
You visited 1 branch of the dungeon, and saw 2 of its levels.

You collected 81 gold pieces.

Inventory:

Missiles
 f - 2 throwing nets (quivered)
Armour
 a - a +0 robe (worn)
 c - an orb of light (worn)
Jewellery
 i - a ring of flight (left hand)
Scrolls
 e - 2 scrolls of vulnerability
Potions
 b - a potion of ambrosia
 d - a potion of might {unknown}
 g - a potion of curing {unknown}
 j - a potion of mutation {unknown}


   Skills:
 - Level 3.0 Fighting
 + Level 2.8 Dodging
 * Level 3.1 Unarmed Combat
 * Level 1.0 Evocations
 * Level 1.0 Shapeshifting


You had one spell level left.
You didn't know any spells.
Your spell library was empty.

Dungeon Overview and Level Annotations

Branches:
Dungeon (2/15)

Altars:

Annotations:
D:2 Terence


Innate Abilities, Weirdness & Mutations

You are surrounded by a mild repulsion field. (EV +2)


Message History

Terence hits you with a +0 short sword.
You hit Terence but do no damage.
Terence is heavily wounded.
Terence barely misses you.
You hit Terence but do no damage.
Terence is heavily wounded.
Terence closely misses you.
You hit Terence but do no damage.
Terence is heavily wounded.
Terence hits you with a +0 short sword.
* * * LOW HITPOINT WARNING * * *
You hit Terence but do no damage.
Terence is heavily wounded.
Terence barely misses you.
You hit Terence.
Terence is heavily wounded.
Terence closely misses you.
You hit Terence.
Terence is almost dead.
Terence hits you with a +0 short sword.
* * * LOW HITPOINT WARNING * * *
You hit Terence.
Terence is almost dead.
You hit Terence but do no damage.
Terence is almost dead.
Terence hits you but does no damage.
You hit Terence but do no damage.
Terence is almost dead.
Terence barely misses you.
You hit Terence but do no damage.
Terence is almost dead.
Terence barely misses you.
You hit Terence but do no damage.
Terence is almost dead.
Terence misses you.
You barely miss Terence.
Terence is almost dead.
Terence hits you with a +0 short sword.
You die...
Terence says, "Rest in peace."

### ..#
#.# #.#
#.# #.#
#@# #@#
#.......#
#.##.#..#
#.# ..
#(# #..
..# # #?#
#..


You could see Terence.

Vanquished Creatures
  A dart slug (D:1)
  3 endoplasms (D:1)
  A giant cockroach (D:1)
  A goblin (D:1)
  4 hobgoblins (D:1)
  A quokka (D:1)
  4 ball pythons (D:1)
  3 bats (D:1)
  4 frilled lizards (D:1)
  2 kobolds (D:1)
  2 rats (D:1)
26 creatures vanquished.

Notes
Turn   | Place    | Note
-------+----------+-------------------------------------------
     0 | D:1      | Gadfly the Demonspawn Monk began the quest for the Orb.
     0 | D:1      | Reached XP level 1. HP: 18/18 MP: 1/1
   109 | D:1      | Gained mutation: You are surrounded by a mild repulsion
                  | field. (EV +2) [demonic ancestry]
   109 | D:1      | Reached XP level 2. HP: 19/24 MP: 2/2
   290 | D:1      | Found a faded altar of an unknown god.
   306 | D:1      | Reached skill level 1 in Evocations
   517 | D:1      | Reached skill level 1 in Shapeshifting
   612 | D:2      | Noticed Terence
   639 | D:2      | Slain by Terence

Illustrated notes

Levels and vault maps discovered:
D:1:      evilmike_arrival_crescent, layout_basic,
          dreamdust_ecumenical_altar_grove, minmay_cut_off
D:2:      layout_loops_ring, uniq_terence

Skill      XL: |  1  2 |
---------------+-------+-----
Unarmed Combat | 3 |  3.1
Evocations     | 1 |  1.0
Shapeshifting  | 1 |  1.0
Fighting       | |  3.0
Dodging        | |  2.8

Action                     || total
---------------------------++-------
  Melee: Unarmed           ||    82
    Use: Scroll            ||     3
 Armour: Robe              ||    41
  Dodge: Dodged            ||    55
